 Dungeon Crawl Stone Soup version 0.27.0-1-g7a08968 (webtiles) character file.

Game seed: 742906214765990322

135 bonscott the Vandal (level 4, -3/35 HPs)
             Began as a Vampire Hunter on Aug 14, 2021.
             Killed from afar by Sigmund (5 damage)
             ... with a puff of flame
             ... on level 3 of the Dungeon.
             The game lasted 00:23:54 (3164 turns).

bonscott the Vandal (Vampire Hunter)                Turns: 3164, Time: 00:23:55

Health: -3/35      AC:  5    Str: 12    XL:     4   Next: 97%
Magic:  13/13      EV: 12    Int: 13    God:
Gold:   62         SH:  0    Dex: 14    Spells: 3/3 levels left

rFire    . . .     SeeInvis +   b - +2 spear (vorpal)
rCold    . . .     Faith    .   (no shield)
rNeg     . . .     Spirit   .   c - +0 leather armour
rPois    .         Reflect  .   o - +0 helmet
rElec    .         Harm     .   (no cloak)
rCorr    .         Rampage  .   q - +0 pair of gloves
Will     .....                  (no boots)
Stlth    ++........             (no amulet)
HPRegen  0.31/turn              n - ring of flight
MPRegen  0.13/turn              u - ring of magical power

@: flying, healing quickly
A: alive, fangs 3, see invisible, vampiric 2
a: Exsanguinate


You were on level 3 of the Dungeon.
You visited 1 branch of the dungeon, and saw 3 of its levels.

You collected 62 gold pieces.

Inventory:

Hand Weapons
 a - a +1 hunting sling
 b - a +2 vorpal spear (weapon)
 d - a +0 short sword
 f - a +0 spear
 p - a +0 long sword
 w - a +1 dagger of venom
Missiles
 e - 51 arrows
 i - 80 stones (quivered)
 l - 46 bolts
 s - 2 curare-tipped darts
 t - 11 poisoned darts
Armour
 c - a +0 leather armour (worn)
 h - a +0 ring mail
 o - a +0 helmet (worn)
 q - a +0 pair of gloves (worn)
Jewellery
 n - a ring of flight (left hand)
 u - a ring of magical power (right hand)
 v - a ring of willpower
Scrolls
 j - a scroll of fear {unknown}
 m - 2 scrolls of identify
 r - a scroll of noise {unknown}
Potions
 g - 5 potions of flight
 k - 2 potions of heal wounds


   Skills:
 + Level 3.5 Fighting
 + Level 4.3 Slings
 - Level 2.1 Dodging
 - Level 1.5 Stealth


You had 3 spell levels left.
You didn't know any spells.
Your spell library contained the following spells:

 Spells                   Type           Power      Damage    Failure   Level
 Ozocubu's Armour         Ice            0%         N/A       75%         3
 Metabolic Englaciation   Hex/Ice        0%         N/A       100%        5
 Simulacrum               Ice/Necr       0%         N/A       100%        6


Dungeon Overview and Level Annotations

Branches:
Dungeon (3/15)

Altars:

Annotations:
D:2 Crazy Yiuf
D:3 Purgy, Sigmund


Innate Abilities, Weirdness & Mutations

Your natural rate of healing is accelerated.
You have razor-sharp teeth.
You have supernaturally acute eyesight. (SInv)
You are afflicted with vampirism and can become a bat while bloodless.


Message History

Sigmund is moderately wounded.
Sigmund barely misses you.
You reach to attack!
You hit Sigmund.
Sigmund is heavily wounded.
Sigmund closely misses you. Sigmund casts a spell at you.
The magic dart hits you.
You reach to attack!
You hit Sigmund but do no damage.
Sigmund is heavily wounded.
Sigmund points at you and mumbles some strange words.
The puff of flame misses you.
You reach to attack!
You hit Sigmund.
Sigmund is severely wounded.
Sigmund hits you from afar with a +1 scythe of flaming.
Sigmund burns you.
You reach to attack!
You hit Sigmund but do no damage.
Sigmund is severely wounded.
Sigmund hits you from afar with a +1 scythe of flaming!
Sigmund burns you.
* * * LOW HITPOINT WARNING * * *
You are too injured to fight recklessly!
You are too injured to fight recklessly!
Unknown command.
Throw: 12 darts (poison)
Press: ? - help, Shift-Dir - straight line, f/p - Sigmund
Aim: Sigmund, wielding a +1 scythe of flaming and wearing a +0 robe (almost dead, poisoned, 57% to hit)
You throw a poisoned dart.
The poisoned dart completely misses Sigmund.
Sigmund gestures at you while chanting. The magic dart hits you.
* * * LOW HITPOINT WARNING * * *
Reach: b) +2 spear (vorpal)
Press: ? - help, Dir - move target, f/p - Sigmund
Aim: Sigmund, wielding a +1 scythe of flaming and wearing a +0 robe (almost dead, poisoned, about 39% to evade your +2 vorpal spear)
You reach to attack!
You closely miss Sigmund.
Sigmund is almost dead.
Sigmund says, "Your kind have come here before.
I understand now why.
You desire death..."
Sigmund casts a spell at you. The puff of flame hits you.
You die...

#.# #.#.#### #.# #..## ##
#.#####.#....# #.####.#.## #
#.......#....# #.##..###.# #
##########...# #.##.#.#.## ## .##
##.## #.##.#..## ##. ..## ###.#
#.#......###.. ...## ###<#.#####
#......#.##...
....###.........######.(.##.#....
....+...........@รท@((..(....'....
....###.....###.######>..##.#....
...## #.#.#.###.# #..###.##...
..## #.........# #......###.. .##
#####.##### ##.##### ##. #### #.#
#.# ## ...# #.# #.# .#.# #.# #.# #
.#.# #.# #.# ##


You could see Sigmund (poisoned).

Vanquished Creatures
  Robin (D:3)
  4 adders
  A worm (D:3)
  An orc (D:3)
  6 bats
  5 endoplasms
  2 giant cockroaches (D:1)
  17 goblins
  12 hobgoblins
  4 jackals (D:1)
  A quokka (D:1)
  5 ball pythons
  3 frilled lizards
  9 kobolds
  3 rats
74 creatures vanquished.

Notes
Turn   | Place    | Note
-------+----------+-------------------------------------------
     0 | D:1      | bonscott the Vampire Hunter began the quest for the Orb.
     0 | D:1      | Reached XP level 1. HP: 16/16 MP: 1/1
   170 | D:1      | Reached XP level 2. HP: 22/22 MP: 2/2
   258 | D:1      | You fall into a shaft and drop 1 floor!
   328 | D:2      | Gained mutation: You are afflicted with vampirism and can
                  | become a bat while bloodless. [Vampire growth]
   328 | D:2      | Reached XP level 3. HP: 28/28 MP: 3/3
   868 | D:2      | Found a faded altar of an unknown god.
  1014 | D:2      | Found a runed translucent door.
  1208 | D:3      | Reached skill level 4 in Slings
  1208 | D:3      | Reached XP level 4. HP: 35/35 MP: 4/4
  1302 | D:3      | Noticed Sigmund
  2065 | D:2      | Noticed Crazy Yiuf
  2574 | D:3      | Noticed Purgy
  2899 | D:3      | Noticed Robin
  2929 | D:3      | Killed Robin
  3164 | D:3      | Killed from afar by Sigmund

Illustrated notes

Levels and vault maps discovered:
D:1:      psy_arrival_statuary, layout_loops_ring
D:2:      layout_basic, dreamdust_ecumenical_altar_grove,
          minmay_fractal_squares_gapless_5, uniq_crazy_yiuf_cottage
D:3:      layout_loops_corners, uniq_robin, uniq_sigmund, uniq_purgy

Skill      XL: |  1  2  3 |
---------------+----------+-----
Fighting       | 2 3 |  3.5
Slings         | 4 |  4.3
Dodging        | |  2.1
Stealth        | |  1.5

Action                   |  1- 3 |  4- 6 || total
-------------------------+-------+-------++-------
Melee: Short sword       |    12 |     3 ||    15
       Bite              |     3 |     1 ||     4
       Spear             |       |    18 ||    18
 Fire: Hunting sling     |    74 |   103 ||   177
Throw: Dart              |       |     8 ||     8
  Use: Scroll            |       |     2 ||     2
 Stab: Sleeping          |     1 |       ||     1
Armor: Leather armour    |    10 |    13 ||    23
Dodge: Dodged            |    19 |    32 ||    51
